 Dungeon Crawl Stone Soup version 0.28-a0-119-ga52ba8600a (webtiles) character file.

Game seed: 13600989154845077870

69 voltaire321 the Stinger (level 4, -2/25 HPs)
             Began as a Deep Elf Venom Mage on Aug 14, 2021.
             Slain by a black bear (5 damage)
             ... on level 6 of the Dungeon.
             The game lasted 00:07:38 (2477 turns).

voltaire321 the Stinger (Deep Elf Venom Mage)       Turns: 2477, Time: 00:07:39

Health: -2/25      AC:  3    Str:  6    XL:     4   Next: 2%
Magic:  1/11       EV: 13    Int: 20    God:
Gold:   36         SH:  0    Dex: 15    Spells: 7/10 levels left

rFire   . . .      SeeInvis .   q - +0 whip (flame)
rCold   . . .      Faith    .   (no shield)
rNeg    . . .      Spirit   .   a - +0 robe
rPois   +          Reflect  .   (no helmet)
rElec   .          Harm     .   (no cloak)
rCorr   .          Rampage  .   f - +0 pair of gloves
Will    .....                   (no boots)
Stlth   ++........              (no amulet)
HPRegen 0.08/turn               i - ring of poison resistance
MPRegen 0.12/turn               (no ring)

@: no status effects
A: no striking features
a: no special abilities


You were on level 6 of the Dungeon.
You visited 1 branch of the dungeon, and saw 4 of its levels.

You collected 36 gold pieces.

Inventory:

Hand Weapons
 q - a +0 whip of flaming (weapon)
Armour
 a - a +0 robe (worn)
 f - a +0 pair of gloves (worn)
Jewellery
 d - a ring of fire
 i - a ring of poison resistance (left hand)
Scrolls
 b - a scroll of torment {unknown}
 c - a scroll of vulnerability {unknown}
 h - 2 scrolls of amnesia {unknown}
 j - 2 scrolls of teleportation {unknown}
 k - 3 scrolls of identify {unknown}
 n - a scroll of magic mapping {unknown}
 o - a scroll of enchant armour {unknown}
Potions
 e - a potion of lignification {unknown}
 g - 2 potions of brilliance {unknown}
 l - 2 potions of heal wounds {unknown}
 m - 3 potions of curing {unknown}
 p - a potion of haste {unknown}


   Skills:
 + Level 1.0 Fighting
 + Level 3.1 Dodging
 - Level 2.4 Stealth
 + Level 3.7 Spellcasting
 + Level 1.9 Transmutations
 + Level 0.6 Air Magic
 + Level 3.7 Poison Magic


You had 7 spell levels left.
You knew the following spells:

 Your Spells              Type           Power      Damage    Failure   Level
a - Sting                 Tmut/Pois      60%        1d6       4%          1
b - Poisonous Vapours     Pois/Air       24%        N/A       9%          2

Your spell library contained the following spells:

 Spells                   Type           Power      Damage    Failure   Level
 Sandblast                Erth           6%         2d5       13%         1
 Passwall                 Tmut/Erth      5%         N/A       13%         2
 Mephitic Cloud           Conj/Pois/Air  9%         N/A       22%         3
 Olgreb's Toxic Radiance  Pois           18%        N/A       28%         4
 Lee's Rapid Deconstruct  Erth           1%         3d5*      98%         5


Dungeon Overview and Level Annotations

Branches:
Dungeon (3/15)

Altars:

Annotations:
D:3 Grinder


Message History

The black bear is poisoned.
Casting: Poisonous Vapours (safe; 9% risk of failure)
Confirm with . or Enter, or press ? or * to list all spells.
Aiming: Poisonous Vapours (safe; 9% risk of failure)
Press: ? - help, Dir - move target, f/p - black bear
Aim: a black bear (lightly wounded, poisoned) Poisonous vapours surround the black bear!
The black bear looks even sicker.
Casting: Poisonous Vapours (safe; 9% risk of failure)
Confirm with . or Enter, or press ? or * to list all spells.
Aiming: Poisonous Vapours (safe; 9% risk of failure)
Press: ? - help, Dir - move target, f/p - black bear
Aim: a black bear (lightly wounded, very poisoned) Poisonous vapours surround the black bear!
The black bear looks even sicker.
Found a stone staircase leading down.
Found 16 gold pieces.
Found 2 glowing brown potions.
Casting: Poisonous Vapours (safe; 9% risk of failure)
Confirm with . or Enter, or press ? or * to list all spells.
Aiming: Poisonous Vapours (safe; 9% risk of failure)
Press: ? - help, Dir - move target, f/p - black bear
Aim: a black bear (severely wounded, poisoned) Poisonous vapours surround the black bear!
The black bear looks even sicker.
The black bear goes berserk!
The black bear rages.
The black bear bites you. The black bear claws you.
The black bear claws you but does no damage.
The black bear bites you! The black bear closely misses you. x2
Casting: Poisonous Vapours (safe; 9% risk of failure)
Confirm with . or Enter, or press ? or * to list all spells.
Aiming: Sting (safe; 4% risk of failure)
Press: ? - help, Shift-Dir - straight line, f/p - black bear
Aim: a black bear (almost dead, berserk, poisoned, 81% to hit)
The sting hits the black bear.
The black bear looks even sicker.
The black bear is almost dead.
The black bear misses you. The black bear claws you.
* * * LOW HITPOINT WARNING * * *
The black bear claws you.
You die...

.. ####....#
...#####.#..#
...#....h##.#
........###.##
#.........#..#
#.......###.##
...#....# #.#
## ####.###h##
#...@..#
#......#
#......#
#.$....#
#...>..#
#......#
#!.....#
#......#


You could see a black bear (berserk, very poisoned).

Vanquished Creatures
  2 adders
  3 dart slugs
  2 bats
  3 endoplasms
  2 giant cockroaches
  7 goblins
  2 hobgoblins (D:1)
  2 jackals (D:3)
  3 quokkas
  4 ball pythons
  6 frilled lizards
  3 kobolds
  6 rats
45 creatures vanquished.

Notes
Turn   | Place    | Note
-------+----------+-------------------------------------------
     0 | D:1      | voltaire321 the Deep Elf Venom Mage began the quest for the
                  | Orb.
     0 | D:1      | Reached XP level 1. HP: 10/10 MP: 6/6
   282 | D:1      | Reached XP level 2. HP: 16/16 MP: 5/8
   596 | D:1      | Found a faded altar of an unknown god.
   825 | D:1      | Learned a level 2 spell: Poisonous Vapours
  1262 | D:2      | Reached XP level 3. HP: 20/20 MP: 7/9
  1809 | D:2      | Reached skill level 1 in Fighting
  2057 | D:3      | Noticed Grinder
  2438 | D:3      | Reached XP level 4. HP: 25/25 MP: 6/11
  2443 | D:3      | You fall into a shaft and drop 3 floors!
  2444 | D:6      | Noticed a black bear
  2477 | D:6      | Slain by a black bear

Illustrated notes

Levels and vault maps discovered:
D:1:      psy_arrival_wood_between_worlds, layout_basic,
          hellmonk_ecumenical_altar_heavens_door, st_stairs_5, dk_noncrumbling_4
D:2:      layout_loops_cross
D:3:      layout_loops_ring, uniq_grinder, uniq_sigmund, uniq_ijyb
D:6:      layout_rooms, minmay_temple_entry_trees, uniq_maggie

Skill      XL: |  1  2  3 |
---------------+----------+-----
Dodging        | 3 |  3.1
Fighting       | 1 |  1.0
Stealth        | |  2.4
Spellcasting   | |  3.7
Transmutations | |  1.9
Air Magic      | |  0.6
Poison Magic   | |  3.7

Action                   |  1- 3 |  4- 6 || total
-------------------------+-------+-------++-------
Melee: Dagger            |    23 |       ||    23
       Whip              |     7 |     3 ||    10
 Cast: Sting             |    73 |     2 ||    75
       Poisonous Vapours |       |     4 ||     4
Armor: Robe              |     4 |     2 ||     6
Dodge: Dodged            |    38 |     5 ||    43

Table legend: (Time is in decaauts)
 A = Elapsed time spent in this place.
 B = Non-inter-level travel time spent in this place.
 C = Inter-level travel time spent in this place.
 D = Time resting spent in this place.
 E = Time spent auto-exploring this place.
 F = Levels seen in this place.
 G = Mean time per level.
                   A        B        C        D        E       F      G
               +--------+--------+--------+--------+--------+-----+--------+
         Total |   2475 |   2372 |    103 |    503 |   1462 |   4 |  618.8 |
       Dungeon |   2475 |   2372 |    103 |    503 |   1462 |   4 |  618.8 |
               +--------+--------+--------+--------+--------+-----+--------+

Top non-repeatable levels by time:
     D:1: 1172 daAuts
     D:2: 868 daAuts
     D:3: 401 daAuts
     D:6: 33 daAuts
